 Dungeon Crawl Stone Soup version 0.28.0-55-gcd9437bce4 (webtiles) character file.

Game seed: 2665469037263152118

112 Atelerd the Sneak (level 4, -2/27 HPs)
             Began as an Octopode Earth Elementalist on Jan 4, 2023.
             Slain by Natasha (9 damage)
             ... on level 2 of the Dungeon.
             The game lasted 00:03:12 (2623 turns).

Atelerd the Sneak (Octopode Earth Elementalist)     Turns: 2623, Time: 00:03:12

Health: -2/27      AC:  1    Str:  7    XL:     4   Next: 95%
Magic:  7/8        EV: 13    Int: 25    God:
Gold:   168        SH:  0    Dex: 12    Spells: 7/8 levels left

rFire   . . .      SeeInvis .   c - +0 dagger
rCold   . . .      Faith    .   (no shield)
rNeg    . . .      Spirit   .   (helmet restricted)
rPois   .          Reflect  .   (no amulet)
rElec   .          Harm     .   e - +6 ring of intelligence
rCorr   .          Rampage  .   g - ring of willpower
Will    +....                   (no ring)
Stlth   +++.......              (no ring)
HPRegen 0.09/turn               (no ring)
MPRegen 0.11/turn               (no ring)
                                (no ring)
                                (no ring)

@: no status effects
A: almost no armour, amphibious, 8 rings, camouflage 1, gelatinous body 1,
(nimble swimmer 1), tentacles
a: no special abilities


You were on level 2 of the Dungeon.
You visited 1 branch of the dungeon, and saw 2 of its levels.

You collected 168 gold pieces.

Inventory:

Hand Weapons
 c - a +0 dagger (weapon)
Missiles
 b - 23 stones
Jewellery
 e - a +6 ring of intelligence (left tentacle)
 g - a ring of willpower (right tentacle)
Wands
 f - a wand of flame (19)
Scrolls
 a - a scroll of identify {unknown}
Potions
 h - a potion of attraction {unknown}


   Skills:
 - Level 2.0 Dodging
 + Level 4.1 Stealth
 + Level 2.8 Spellcasting
 + Level 2.3 Transmutations
 + Level 3.8 Earth Magic


You had 7 spell levels left.
You knew the following spells:

 Your Spells              Type           Power      Damage    Failure   Level
a - Sandblast             Erth           44%        2d11      2%          1

Your spell library contained the following spells:

 Spells                   Type           Power      Damage    Failure   Level
 Passwall                 Tmut/Erth      15%        N/A       4%          2
 Apportation              Tloc           6%         N/A       11%         1
 Stone Arrow              Conj/Erth      26%        3d8       14%         3
 Petrify                  Tmut/Erth      18%        N/A       28%         4
 Alistair's Intoxication  Tmut/Pois      6%         N/A       87%         5


Dungeon Overview and Level Annotations

Branches:
Dungeon (2/15)

Altars:

Annotations:
D:2 Natasha


Innate Abilities, Weirdness & Mutations

You cannot wear most types of armour.
You are amphibious.
You can wear up to eight rings at the same time.
Your skin changes colour to match your surroundings (Stealth+).
Your rubbery body absorbs attacks. (AC +1, EV +1)
((You are camouflaged when in or above water. (Stealth+)))
You have tentacles for arms and can constrict up to eight enemies at once.


Message History

Found a stone staircase leading down.
There is a stone staircase leading down here.
A dart slug comes into view.
The dart slug launches a dart at you. The slug dart hits you.
A dart slug is nearby!
The dart slug launches a dart at you. The slug dart hits you.
Natasha, Servant of Life and Death comes into view.
Natasha hisses angrily.
You hit the dart slug. You grab the dart slug.
You squeeze the dart slug, but do no damage.
The dart slug is lightly wounded.
You constrict the dart slug. The dart slug closely misses you.
Natasha extends her claws.
The blast of sand hits the dart slug.
The dart slug is severely wounded.
You constrict the dart slug. The dart slug barely misses you.
A dart slug is nearby!
A dart slug is nearby!
A dart slug is nearby!
A dart slug is nearby!
You hit the dart slug but do no damage.
The dart slug is almost dead.
You constrict the dart slug.
You kill the dart slug!
Natasha casts a spell at you. The magic dart hits you!
You can't see any susceptible monsters within range! (Use Z to cast anyway.) Natasha is nearby!
Natasha is nearby!
Natasha is nearby!
Natasha claws you!
* * * LOW HITPOINT WARNING * * *
You are too injured to fight recklessly!
You are too injured to fight recklessly!
You closely miss Natasha. Your grab misses Natasha. Natasha claws you.
* * * LOW HITPOINT WARNING * * *
It was a potion of curing.
You feel better. Natasha claws you!
You die...

......#.####.. #..#
#........ #######.#
##..#######.#####.
.# .................
.# #..#######..#####
.. #..# ##.# .. #..#
#.# ########..# #.#
#
..........########.#
## #
####.h@...........#
#† #
#.##.########### #.
# .. #.# #. # ...
#.# #. ### #.# #.
#.# #. #.# #. .# #.
#.


You could see Natasha.

Vanquished Creatures
  Terence (D:2)
  Natasha (D:2)
  4 dart slugs
  8 ball pythons
  3 bats
  7 endoplasms
  3 giant cockroaches
  5 hobgoblins
  2 jackals (D:1)
  3 quokkas (D:2)
  2 frilled lizards (D:1)
  A goblin (D:2)
  7 kobolds
  3 rats
50 creatures vanquished.

Vanquished Creatures (others)
  3 toadstools (D:1)
3 creatures vanquished.

Grand Total: 53 creatures vanquished

Notes
Turn   | Place    | Note
-------+----------+-------------------------------------------
     0 | D:1      | Atelerd the Octopode Earth Elementalist began the quest for
                  | the Orb.
     0 | D:1      | Reached XP level 1. HP: 11/11 MP: 3/3
   597 | D:1      | Found a faded altar of an unknown god.
   622 | D:1      | Reached skill level 3 in Stealth
   622 | D:1      | Reached XP level 2. HP: 17/17 MP: 5/5
  1239 | D:1      | Reached XP level 3. HP: 18/21 MP: 3/6
  2295 | D:2      | Noticed Terence
  2302 | D:2      | Killed Terence
  2303 | D:2      | Reached XP level 4. HP: 22/27 MP: 2/7
  2473 | D:2      | Found Yfrueq's Distillery.
  2482 | D:2      | Noticed Natasha
  2488 | D:2      | Killed Natasha
  2489 | D:2      | Reached skill level 4 in Stealth
  2616 | D:2      | Noticed Natasha
  2622 | D:2      | HP: 1/27 [Natasha (4)]
  2623 | D:2      | Slain by Natasha

Illustrated notes

Levels and vault maps discovered:
D:1:      dpeg_arrival_erosion, layout_basic,
          hellmonk_ecumenical_altar_slurped_away, minmay_gold_behind_fungi
D:2:      layout_loops_ring, serial_shops, nicolae_shop_waterfront,
          minmay_pentomino_u4, uniq_terence, uniq_natasha

Skill      XL: |  1  2  3  4 |
---------------+-------------+-----
Stealth        | 3 4 |  4.1
Transmutations | 2 |  2.3
Dodging        | |  2.0
Spellcasting   | |  2.8
Earth Magic    | |  3.8

Action                   |  1- 3 |  4- 6 || total
-------------------------+-------+-------++-------
Melee: Unarmed           |    16 |       ||    16
       Constrict         |    17 |     3 ||    20
       Tentacles         |    12 |     2 ||    14
       Dagger            |    33 |     9 ||    42
       Punch             |     1 |       ||     1
 Cast: Sandblast         |    31 |     5 ||    36
  Use: Potion            |       |     1 ||     1
 Stab: Sleeping          |    11 |     3 ||    14
Armor: Skin              |     6 |       ||     6
Dodge: Dodged            |    38 |     4 ||    42
